 Dungeon Crawl Stone Soup version 0.26-a0-649-gf8c6c3aab7 (webtiles) character file.

Game seed: 477217045123221625

19509 Drevant2 the Summoner (level 12, -2/74 HPs)
             Began as a Merfolk Summoner on Sept 26, 2020.
             Was a High Priest of Sif Muna.
             Slain by a vampire (12 damage)
             ... on level 13 of the Dungeon.
             The game lasted 01:14:56 (23064 turns).

Drevant2 the Summoner (Merfolk Summoner)           Turns: 23064, Time: 01:14:58

Health: -2/74      AC:  5    Str:  9    XL:     12   Next: 69%
Magic:  0/18       EV: 21    Int: 17    God:    Sif Muna [*****.]
Gold:   622        SH:  0    Dex: 16    Spells: 2/19 levels left

rFire    . . .     SeeInvis .   c - +8 bardiche (protect)
rCold    . . .     Faith    .   (shield currently unavailable)
rNeg     . . .     Spirit   +   a - +0 robe
rPois    +         Reflect  .   k - +1 helmet
rElec    .         Harm     .   s - +0 cloak
rCorr    .         Rampage  .   (no gloves)
MR       .....                  (no boots)
Stlth    ++........             B - amulet of guardian spirit
HPRegen  0.22/turn              o - ring of flight
MPRegen  0.16/turn              J - ring of poison resistance

@: no status effects
A: change form in water, swift swim, stealthy swim
a: Channel Magic, Forget Spell, Divine Exegesis, Renounce Religion, Evoke Flight


You were on level 13 of the Dungeon.
You worshipped Sif Muna.
Sif Muna was extremely pleased with you.
You visited 3 branches of the dungeon, and saw 17 of its levels.
You also visited: Sewer.

You collected 1017 gold pieces.
You spent 395 gold pieces at shops.

Inventory:

Hand Weapons
 c - a +8 bardiche of protection (weapon)
 d - a +0 hand axe
 g - a +2 trident
 x - the +4 spear of Zocwinih {speed, rF- Str+7 Stlth+}
   (You found it on level 5 of the Dungeon)

   Attacks with this weapon are significantly faster.
   It affects your strength (+7).
   It makes you vulnerable to fire.
   It makes you more stealthy.
 M - the +2 trident of Equilibrium {venom, rF++ rN+ MR- Dex-4}
   (You bought it in a shop on level 10 of the Dungeon)

   It poisons the flesh of those it strikes.
   It affects your dexterity (-4).
   It greatly protects you from fire.
   It protects you from negative energy.
   It affects your resistance to hostile enchantments.
Missiles
 E - a throwing net (quivered)
Armour
 a - a +0 robe (worn)
 k - a +1 helmet (worn)
 s - a +0 cloak (worn)
Jewellery
 e - an uncursed ring of fire
 n - a +4 ring of protection {unknown}
 o - a ring of flight (left hand)
 B - an amulet of guardian spirit (around neck)
 I - an uncursed ring of fire
 J - a ring of poison resistance (right hand)
Wands
 l - a wand of polymorph (6)
 y - a wand of disintegration (20)
 F - a wand of digging (7)
 G - a wand of random effects (28)
 L - a wand of acid (8)
Scrolls
 b - a scroll of torment {unknown}
 f - 4 scrolls of amnesia
 h - 6 scrolls of random uselessness {unknown}
 i - 4 scrolls of remove curse
 m - 2 scrolls of blinking {unknown}
 q - a scroll of vulnerability
 r - a scroll of magic mapping {unknown}
 t - 4 scrolls of fear
 u - 5 scrolls of teleportation
 w - 3 scrolls of fog {unknown}
 A - a scroll of enchant armour {unknown}
 K - a scroll of summoning {unknown}
 O - a scroll of holy word {unknown}
 P - a scroll of immolation
 Q - 3 scrolls of identify
Potions
 j - 4 potions of flight
 p - 3 potions of brilliance
 v - 2 potions of haste
 z - a potion of ambrosia
 C - a potion of heal wounds
 D - 4 potions of curing
 H - 4 potions of mutation
 N - 2 potions of stabbing


   Skills:
 * Level 14.1 Polearms
 - Level 12.3 Dodging
 - Level 2.2 Stealth
 - Level 4.0 Spellcasting
 + Level 14.5 Summonings


You had 2 spell levels left.
You knew the following spells:

 Your Spells              Type           Power        Failure   Level
a - Summon Small Mammal   Summ           ####         1%          1
b - Call Imp              Summ           ######..     1%          2
c - Call Canine Familiar  Summ           ######..     1%          3
d - Summon Lightning Spi  Summ/Air       ####....     8%          4
e - Haunt                 Necr/Summ      ####......   100%        7

Your spell library contained the following spells:

 Spells                   Type           Power        Failure   Level
 Animate Skeleton         Necr           #.....       16%         1
 Sandblast                Erth           #.....       16%         1
 Corpse Rot               Necr/Air       N/A          24%         2
 Passwall                 Tmut/Erth      #.......     24%         2
 Summon Guardian Golem    Hex/Summ       ####....     2%          3
 Summon Ice Beast         Ice/Summ       ####....     8%          4
 Ignite Poison            Fire/Tmut/Pois #.......     43%         3
 Stone Arrow              Conj/Erth      #.....       43%         3
 Petrify                  Tmut/Erth      #.......     83%         4
 Lee's Rapid Deconstruct  Erth           #.........   99%         5
 Hydra Form               Tmut           #.........   100%        6
 Statue Form              Tmut/Erth      #........    100%        6


Dungeon Overview and Level Annotations

Branches:
Dungeon (13/15)            Temple (0/1) D:5            Lair (3/6) D:10
    Orc (1/2) D:11          Sewer (visited)
  Swamp: Lair:2-4    Shoals: Lair:2-4     Snake: Lair:2-4    Spider: Lair:2-4
 Vaults: D:13-14

Altars:
Fedhas
Sif Muna
Jiyva

Shops:
D:9 [   D:10 (   D:12 *

Annotations:
D:2 Sigmund
D:5 Edmund
D:9 Harold
D:11 Gastronok
Lair:2 3 runed translucent doors, Fudan's ghost, journeyman OpFi


Message History

The vampire is moderately damaged.
The vampire gestures wildly while chanting.
The vampire flickers and vanishes!
Deactivating autopickup; reactivate with Ctrl-A.
No target in view!
No target in view!
No target in view!
You barely miss something. Something barely misses you. Something bites you!
Something draws strength from your injuries!
You closely miss something. Something hits you. Something bites you.
Something draws strength from your injuries!
Something completely misses you. Something bites you!
Something draws strength from your injuries!
You miss something. Something hits you! Something bites you!
* * * LOW HITPOINT WARNING * * *
Something draws strength from your injuries!
You closely miss something. Something hits you!
* * * LOW HITPOINT WARNING * * *
Something bites you!
You die...

. .. .. .. #.
#######
..##..##.....#
......{@.....#
..$....#...#.+
.......#...#.#
#########.....#+#
.................
.................
...............##
........†......#
...............#


There were no monsters in sight!

Vanquished Creatures
  A centaur warrior (D:11)
  Sonja (Lair:3)
  2 cyclopes
  2 elephants (Lair:1)
  Psyche (D:9)
  4 cane toads
  A centaur skeleton (D:12)
  4 komodo dragons (Lair:1)
  2 trolls
  8 blink frogs (Lair:2)
  2 hippogriffs
  3 slime creatures (D:12)
  16 yaks
  2 vampires (D:12)
  A wyvern (D:12)
  Eustachio (D:5)
  A basilisk (D:12)
  3 water moccasins
  2 orc warriors (D:11)
  2 porcupines
  2 sky beasts
  2 black bears
  A phantom (D:6)
  7 centaurs
  An eye of draining (D:13)
  6 wolves
  4 ogres
  A big kobold (D:12)
  8 bullfrogs
  6 killer bees
  3 wights (D:6)
  A howler monkey (D:12)
  A centaur zombie (D:10)
  3 orc priests
  7 hounds
  An orc wizard (D:11)
  A bullfrog skeleton (D:9)
  2 iguanas
  5 worker ants
  A worker ant zombie (D:7)
  8 adders
  An ufetubus (D:8)
  2 adder zombies
  2 adder skeletons
  3 leopard geckos
  17 orcs
  5 giant cockroaches
  8 goblins
  9 hobgoblins
  9 jackals
  3 quokkas
  5 ball pythons
  A ball python skeleton (D:5)
  2 bats
  7 frilled lizards
  A jackal skeleton (D:5)
  4 kobolds
  3 leopard gecko skeletons
  6 rats
218 creatures vanquished.

Vanquished Creatures (collateral kills)
  2 two-headed ogres
  An unseen horror (D:12)
  3 elephants (Lair:1)
  2 cane toads (Lair:2)
  4 komodo dragons
  2 trolls
  A blink frog (Lair:2)
  2 hippogriffs
  3 slime creatures (D:12)
  2 yaks (Lair:2)
  Grum (D:11)
  3 water moccasins
  A porcupine (Lair:2)
  An ice beast (D:10)
  Purgy (Sewer)
  A phantom (D:11)
  2 sky beasts
  A wolf (Lair:2)
  A centaur (D:9)
  An ogre (D:5)
  2 crocodiles (Lair:1)
  7 bullfrogs
  3 killer bees
  5 wights (D:6)
  3 howler monkeys (D:9)
  A bullfrog zombie (D:12)
  5 orc priests
  3 hounds
  A jelly (D:9)
  An orc wizard (D:9)
  An iguana (D:7)
  A worker ant (D:6)
  Robin (D:3)
  4 gnolls (D:8)
  7 adders
  An adder skeleton (D:5)
  3 worms
  A dart slug (D:2)
  4 leopard geckos
  13 orcs
  2 giant cockroaches
  6 goblins
  4 hobgoblins
  A ball python (D:5)
  A bat (D:1)
  2 frilled lizards
  5 kobolds
  A rat (D:5)
124 creatures vanquished.

Vanquished Creatures (others)
  12 fungi
  12 plants
24 creatures vanquished.

Grand Total: 366 creatures vanquished

Notes
Turn   | Place    | Note
-------+----------+-------------------------------------------
     0 | D:1      | Drevant2 the Merfolk Summoner began the quest for the Orb.
     0 | D:1      | Reached XP level 1. HP: 13/13 MP: 3/3
   696 | D:1      | Reached XP level 2. HP: 18/19 MP: 3/5
  1231 | D:2      | Noticed Sigmund
  1430 | D:1      | Learned a level 2 spell: Call Imp
  1733 | D:2      | Reached XP level 3. HP: 24/24 MP: 4/6
  3298 | D:3      | Learned a level 3 spell: Call Canine Familiar
  3330 | D:3      | Reached skill level 5 in Summonings
  3333 | D:3      | Reached XP level 4. HP: 30/30 MP: 4/8
  3398 | D:3      | Noticed Robin
  3415 | D:3      | Killed Robin
  4351 | D:3      | Found a shimmering blue altar of Sif Muna.
  4354 | D:3      | Became a worshipper of Sif Muna the Loreminder
  4454 | D:4      | Reached XP level 5. HP: 35/35 MP: 9/9
  5183 | D:5      | Entered Level 5 of the Dungeon
  5184 | D:5      | Found a staircase to the Ecumenical Temple.
  5269 | D:5      | Noticed Edmund
  5290 | D:5      | Reached skill level 1 in Polearms
  5417 | D:5      | Noticed an ogre
  5427 | D:5      | Killed an ogre
  5438 | D:5      | Noticed a sky beast
  5459 | D:5      | Killed a sky beast
  5459 | D:5      | Reached XP level 6. HP: 41/41 MP: 4/11
  5497 | D:5      | Found a glowing drain.
  5522 | Sewer    | Entered a sewer
  5585 | Sewer    | Noticed Purgy
  5627 | Sewer    | Killed Purgy
  5915 | D:5      | Noticed Eustachio
  5923 | D:5      | Killed Eustachio
  5946 | D:5      | Reached * piety under Sif Muna
  5946 | D:5      | Reached XP level 7. HP: 43/46 MP: 6/12
  6084 | D:5      | Got a warped spear
  6091 | D:5      | Identified the +4 spear of Zocwinih {speed, rF- Str+7
                  | Stlth+} (You found it on level 5 of the Dungeon)
  6121 | D:5      | Learned a level 4 spell: Summon Lightning Spire
  6227 | D:5      | Found a blossoming altar of Fedhas.
  7071 | D:6      | Reached skill level 5 in Polearms
  7089 | D:6      | Reached XP level 8. HP: 42/52 MP: 4/14
  7902 | D:6      | Reached skill level 5 in Dodging
  8642 | D:7      | Noticed a troll
  8961 | D:7      | Reached ** piety under Sif Muna
  9139 | D:7      | Reached XP level 9. HP: 55/57 MP: 13/15
  9478 | D:8      | Noticed a two-headed ogre
  9851 | D:8      | Killed a two-headed ogre
 10206 | D:9      | Reached skill level 10 in Summonings
 10266 | D:9      | Noticed a two-headed ogre
 10881 | D:9      | Found Jel Myaj's Antique Armour Emporium.
 10969 | D:9      | Noticed Harold
 11026 | D:9      | Killed a two-headed ogre
 11026 | D:9      | Reached XP level 10. HP: 46/63 MP: 2/16
 11346 | D:9      | Noticed Psyche
 11437 | D:9      | Killed Psyche
 11799 | D:10     | Entered Level 10 of the Dungeon
 12254 | D:10     | Found the +15 Maxwell's patent armour {-Cast -Tele rElec
                  | MR+ rCorr}
 12280 | D:10     | Found a staircase to the Lair.
 12623 | D:10     | Found Kitilac's Antique Weapon Emporium.
 12627 | D:10     | Bought a transparent trident for 204 gold pieces
 12627 | D:10     | Identified the +2 trident of Equilibrium {venom, rF++ rN+
                  | MR- Dex-4} (You bought it in a shop on level 10 of the
                  | Dungeon)
 13014 | D:11     | Reached *** piety under Sif Muna
 13020 | D:11     | Reached skill level 10 in Polearms
 13110 | D:11     | Found a staircase to the Orcish Mines.
 13284 | Orc:1    | Entered Level 1 of the Orcish Mines
 13286 | Orc:1    | Noticed a cyclops
 13344 | D:11     | Noticed Grum
 13457 | Lair:1   | Entered Level 1 of the Lair of Beasts
 13491 | Lair:1   | Noticed an elephant
 13491 | Lair:1   | Noticed an elephant
 13491 | Lair:1   | Noticed an elephant
 13491 | Lair:1   | Noticed an elephant
 13493 | Lair:1   | Noticed an elephant
 13545 | Lair:1   | Noticed a cane toad
 13563 | Lair:1   | Killed a cane toad
 13895 | Lair:1   | Killed an elephant
 13916 | Lair:1   | Killed an elephant
 13968 | Lair:1   | Killed an elephant
 13977 | Lair:1   | Killed an elephant
 14189 | Lair:1   | Killed an elephant
 14255 | Lair:1   | Reached XP level 11. HP: 44/68 MP: 2/17
 14696 | Lair:1   | Reached skill level 10 in Dodging
 16640 | Lair:2   | Reached **** piety under Sif Muna
 17191 | Lair:2   | Found a runed translucent gate.
 17191 | Lair:2   | Found a runed translucent gate.
 17191 | Lair:2   | Found a runed translucent gate.
 17193 | Lair:2   | Found a viscous altar of Jiyva.
 17193 | Lair:2   | Noticed Fudan's ghost (journeyman OpFi)
 18522 | Lair:2   | Noticed a seven-headed hydra
 18522 | Lair:2   | Noticed a six-headed hydra
 18727 | Lair:3   | Noticed Sonja
 18757 | Lair:3   | Killed Sonja
 18985 | Lair:3   | Noticed a four-headed hydra
 19073 | Lair:3   | Identified a scroll of acquirement
 19075 | Lair:3   | Acquired a +4 bardiche of protection
 19465 | D:10     | Reached XP level 12. HP: 67/74 MP: 11/18
 19668 | D:11     | Noticed a centaur warrior
 19680 | D:11     | Killed a centaur warrior
 19895 | D:11     | Killed Grum
 20488 | D:11     | Noticed Gastronok
 20979 | Orc:1    | Noticed an ettin
 21486 | D:12     | Found Qulown's General Store.
 21507 | D:12     | Bought a scroll of fear for 38 gold pieces
 21507 | D:12     | Bought a scroll of teleportation for 33 gold pieces
 21507 | D:12     | Bought a scroll of vulnerability for 82 gold pieces
 21507 | D:12     | Bought a scroll of immolation for 38 gold pieces
 22165 | D:12     | Reached ***** piety under Sif Muna
 22785 | D:12     | Identified Sif Muna's Volume of Stolen Souls and Changing
                  | (Sif Muna gifted it to you on level 12 of the Dungeon)
 22785 | D:12     | Received a gift from Sif Muna
 22797 | D:12     | Learned a level 7 spell: Haunt
 23064 | D:13     | Slain by a vampire

Illustrated notes

Levels and vault maps discovered:
D:1:      ncdulo_wetmaze, layout_basic
D:2:      layout_basic, uniq_sigmund
D:3:      minmay_inner_zag, layout_basic, lemuel_blue_sif_altar,
          minmay_quadrilaterals, uniq_robin
D:4:      layout_basic, minivault_23
D:5:      layout_rooms, minmay_temple_entry_mini_moons, portal_sewer_entry_a,
          fedhas_altar_4, uniq_eustachio, uniq_edmund
D:6:      layout_basic
D:7:      layout_loops_ring, serial_park_tiny_2, uniq_maggie
D:8:      layout_basic
D:9:      layout_long_grid, serial_shops, kennysheep_mini_moat,
          hangedman_decor_diamond_cutter, uniq_harold, uniq_psyche
D:10:     layout_irregular_city, dpeg_oklobed_lair, serial_shops, shop,
          serial_column_ruins, column_ruins_open_tiny_water,
          column_ruins_open_medium, column_ruins_open_tiny,
          column_ruins_columns_straight, column_ruins_columns_straight,
          minmay_fractal_squares_diagonal_5
D:11:     layout_roguey, erik_orc_3, uniq_gastronok, uniq_grum
D:12:     layout_roguey, serial_shops, nicolae_shop_window_shopping
D:13:     layout_stronghold, uniq_maurice
Lair:1:   layout_misc_corridors, beast_lair_carwin_7,
          infiniplex_staircase_pool_2, grunt_megastairs_5
Lair:2:   layout_cave_shapes, palyth_hydra_swamp_entry, gammafunk_ghost_ooze,
          lemuel_fruit_tree
Lair:3:   layout_loops_ring, guppyfry_snake_entry_island,
          ebering_ghost_rock_garden, grunt_megastairs_4, lemuel_fruit_fields,
          uniq_sonja
Orc:1:    giant_chief_lemuel, layout_caves, uniq_josephine

Skill      XL: |  1  2  3  4  5  6  7  8  9 10 11 12 |
---------------+-------------------------------------+-----
Summonings     | 5 6 7 9 10 12 13 14 | 14.5
Spellcasting   | 3 4 |  4.0
Polearms       | 2 3 5 7 9 11 12 14 | 14.1
Dodging        | 4 5 8 9 11 12 | 12.3
Stealth        | |  2.2

Action                   |  1- 3 |  4- 6 |  7- 9 | 10-12 || total
-------------------------+-------+-------+-------+-------++-------
Melee: Hand axe          |    25 |       |       |       ||    25
       Trident           |    57 |   156 |    15 |       ||   228
       Spear             |       |       |   349 |   589 ||   938
       Bardiche          |       |       |       |   197 ||   197
 Cast: Summon Small Mamm |    12 |       |     1 |     1 ||    14
       Call Imp          |    15 |    10 |    22 |    61 ||   108
       Call Canine Famil |       |    10 |    33 |    86 ||   129
  Use: Scroll            |       |       |    12 |    13 ||    25
       Potion            |       |       |     1 |     9 ||    10
 Stab: Sleeping          |     6 |     1 |    11 |    11 ||    29
       Distracted        |     1 |     1 |     5 |     8 ||    15
Armor: Robe              |    12 |    36 |    40 |    48 ||   136
       Skin              |       |       |       |    17 ||    17
Dodge: Dodged            |    56 |   114 |    97 |   369 ||   636

Table legend: (Time is in decaauts)
 A = Elapsed time spent in this place.
 B = Non-inter-level travel time spent in this place.
 C = Inter-level travel time spent in this place.
 D = Time resting spent in this place.
 E = Time spent auto-exploring this place.
 F = Levels seen in this place.
 G = Mean time per level.
                   A        B        C        D        E       F      G
               +--------+--------+--------+--------+--------+-----+--------+
         Total |  22506 |  19149 |   3357 |   8684 |   6801 |  18 | 1250.3 |
       Dungeon |  16430 |  13783 |   2647 |   5650 |   5519 |  13 | 1263.8 |
          Lair |   5644 |   4936 |    708 |   2894 |   1151 |   3 | 1881.3 |
  Orcish Mines |    128 |    127 |      1 |     57 |     11 |   1 |  128.0 |
         Sewer |    303 |    303 |      0 |     83 |    119 |   1 |  303.0 |
               +--------+--------+--------+--------+--------+-----+--------+

Top non-repeatable levels by time:
  Lair:1: 2769 daAuts
  Lair:2: 2568 daAuts
    D:11: 2252 daAuts
     D:6: 1997 daAuts
     D:3: 1894 daAuts
    D:12: 1816 daAuts
     D:9: 1549 daAuts
     D:1: 1416 daAuts
     D:2: 1181 daAuts
     D:7: 999 daAuts
    D:10: 939 daAuts
     D:8: 867 daAuts
     D:4: 796 daAuts
     D:5: 688 daAuts
  Lair:3: 306 daAuts
